 Dungeon Crawl Stone Soup version 0.22.1-2-g9c5b331 (webtiles) character file.

2195 Fang the Cleaver (level 9, -5/56 HPs)
             Began as a Gargoyle Berserker on Dec 18, 2018.
             Was a High Priest of Trog.
             Slain by an orc warrior
             ... wielding a +2 dire flail of protection
              (14 damage)
             ... on level 7 of the Dungeon.
             The game lasted 00:09:50 (6995 turns).

Fang the Cleaver (Gargoyle Berserker)               Turns: 6995, Time: 00:09:51

Health: -5/56      AC: 23    Str: 24    XL:     9   Next: 34%
Magic:  9/9        EV:  8    Int:  8    God:    Trog [*****.]
Gold:   317        SH:  0    Dex:  9    Spells: 8/8 levels left

rFire    . . .     SeeInvis .   a - +0 hand axe
rCold    + . .     Gourm    .   (no shield)
rNeg     + . .     Faith    .   j - +2 plate armour {rC+}
rPois    ∞         Spirit   .   (no helmet)
rElec    +         Reflect  .   x - +1 cloak
rCorr    +         Harm     .   (no gloves)
MR       .....                  (no boots)
Stlth    ..........             (no amulet)
HPRegen  0.18/turn              z - ring of resist corrosion
MPRegen  0.11/turn              (no ring)

@: berserk cooldown, slowed, very slow
A: negative energy resistance 1, electricity resistance, unbreathing,
petrification resistance, rot immunity, AC +6
a: Berserk, Trog's Hand, Brothers in Arms, Renounce Religion


You were on level 7 of the Dungeon.
You worshipped Trog.
Trog was extremely pleased with you.
You were very hungry.

You visited 2 branches of the dungeon, and saw 8 of its levels.

You collected 317 gold pieces.

Inventory:

Hand Weapons
 a - a +0 hand axe (weapon)
Armour
 j - a +2 plate armour of cold resistance (worn)
 x - a +1 cloak (worn)
Jewellery
 z - a ring of resist corrosion (left hand)
Wands
 q - a wand of random effects (38)
 t - a wand of acid (6)
 y - a wand of flame (6)
Scrolls
 b - a scroll of noise {unknown}
 d - 3 scrolls of enchant armour {unknown}
 e - 6 scrolls of teleportation {unknown}
 f - 3 scrolls of amnesia {unknown}
 h - 7 scrolls of identify {unknown}
 l - a scroll of magic mapping {unknown}
 m - a scroll of enchant weapon {unknown}
 n - a scroll of fear {unknown}
 o - a scroll of random uselessness {unknown}
 r - 5 scrolls of remove curse {unknown}
 s - 2 scrolls of immolation {unknown}
 v - 2 scrolls of blinking {unknown}
Potions
 g - a potion of degeneration {unknown}
 i - 2 potions of heal wounds {unknown}
 k - a potion of mutation {unknown}
 p - 4 potions of curing {unknown}
 u - a potion of lignification {unknown}
 w - a potion of magic {unknown}
 A - a potion of agility {unknown}
 C - a potion of might {unknown}
Comestibles
 c - 12 rations


   Skills:
 + Level 6.6 Fighting
 + Level 8.0 Axes
 + Level 6.9 Armour
 + Level 3.0 Dodging
 + Level 2.3 Stealth


You had 8 spell levels left.
You didn't know any spells.
Your spell library was empty.

Dungeon Overview and Level Annotations

Branches:
Dungeon (7/15)             Temple (1/1) D:4

Altars:
Cheibriados
Fedhas
Hepliaklqana
Kikubaaqudgha
Makhleb
Nemelex Xobeh
Ru
Trog
Vehumet
Wu Jian
The Shining One

Shops:
D:4 (   D:5 ?   D:7 !

Annotations:
D:4 exclusion: statue


Innate Abilities, Weirdness & Mutations

You are resistant to torment.
Your stone body is resilient. (AC +6)
You are immune to poison.
You resist negative energy. (rN+)
You are resistant to electric shocks. (rElec)
You can survive without breathing.
You are immune to petrification.
You are immune to rotting.


Message History

You are too injured to fight recklessly!
You are too injured to fight recklessly!
You barely miss the orc warrior.
The orc warrior is heavily wounded.
The orc warrior closely misses you.
The orc warrior hits you with a dire flail of protection.
Your plate armour prevents you from hitting the orc warrior.
The orc warrior is heavily wounded.
The orc warrior hits you but does no damage.
Your plate armour prevents you from hitting the orc warrior.
The orc warrior is heavily wounded.
The orc warrior barely misses you.
You fail to use your ability.
The orc warrior barely misses you.
The orc warrior hits you with a dire flail of protection!
* * * LOW HITPOINT WARNING * * *
Unknown command.
Your troll goes berserk!
You are feeling very hungry.
The orc warrior hits you with a dire flail of protection!
You die...

.##.....##..##
........#####
.........# .####...##
+# ##....#
#.....##########
#....##..##.T..## .
#....#..........#
#####...##......@(.#
...##...##..####o###
........##..####)..#
..............+....#
..............#....#
........########...#
........##....##...#
##.###..##.....#...####
##'###..##.....#..##..#


You could see an orc warrior and a friendly troll (berserk).

Vanquished Creatures
  Sigmund (D:4)
  A hungry ghost (D:7)
  A sky beast (D:3)
  4 ogres
  An ice beast (D:6)
  3 bullfrogs
  6 howler monkeys
  3 jellies
  3 crimson imps
  A centaur zombie (D:7)
  Crazy Yiuf (D:2)
  5 hounds
  2 bullfrog skeletons
  3 iguanas
  3 orc wizards
  2 worker ants
  A killer bee zombie (D:7)
  A hound skeleton (D:6)
  12 adders
  A shadow imp (D:5)
  An ooze (D:1)
  2 adder skeletons (D:4)
  3 worms
  4 dart slugs
  4 leopard geckos
  12 orcs
  8 bats
  4 giant cockroaches
  17 goblins
  7 hobgoblins
  8 jackals
  9 kobolds
  A ball python (D:3)
  11 frilled lizards
  2 leopard gecko skeletons (D:4)
  A quokka skeleton (D:7)
  13 rats
  3 fungi (D:2)
165 creatures vanquished.

Notes
Turn   | Place    | Note
-------+----------+-------------------------------------------
     0 | D:1      | Fang the Gargoyle Berserker began the quest for the Orb.
     0 | D:1      | Reached XP level 1. HP: 14/14 MP: 1/1
   246 | D:1      | Reached XP level 2. HP: 14/19 MP: 2/2
   445 | D:1      | Reached skill level 3 in Axes
   593 | D:1      | Reached XP level 3. HP: 23/24 MP: 3/3
   965 | D:1      | Reached ** piety under Trog
  1443 | D:2      | Reached XP level 4. HP: 26/29 MP: 4/4
  1633 | D:2      | Reached XP level 5. HP: 33/33 MP: 5/5
  1730 | D:2      | Reached skill level 4 in Axes
  2068 | D:2      | Found a runed door.
  2281 | D:2      | Noticed Crazy Yiuf
  2286 | D:2      | Killed Crazy Yiuf
  2688 | D:3      | Reached *** piety under Trog
  2823 | D:3      | Reached XP level 6. HP: 38/38 MP: 6/6
  2946 | D:3      | Found an ancient bone altar of Kikubaaqudgha.
  3046 | D:3      | Noticed a sky beast
  3067 | D:3      | Killed a sky beast
  3227 | D:4      | Found a radiant altar of Vehumet.
  3257 | D:4      | Found a bloodstained altar of Trog.
  3375 | D:4      | Found Ihuciowk's Weapon Emporium.
  3384 | D:4      | Reached skill level 5 in Axes
  3445 | D:4      | Noticed Sigmund
  3528 | D:4      | Killed Sigmund
  3528 | D:4      | Reached XP level 7. HP: 27/44 MP: 7/7
  3688 | D:4      | Found a sacrificial altar of Ru.
  3837 | D:4      | Found a staircase to the Ecumenical Temple.
  3862 | Temple   | Entered the Ecumenical Temple
  3884 | D:4      | HP: 1/44 [ogre/giant club (7)]
  3885 | D:4      | Reached skill level 6 in Axes
  4265 | D:4      | Reached skill level 5 in Fighting
  4430 | D:4      | Reached skill level 1 in Stealth
  4581 | D:5      | Entered Level 5 of the Dungeon
  4672 | D:5      | Found Uprur's Magic Scroll Boutique.
  4718 | D:5      | Found a snail-covered altar of Cheibriados.
  4718 | D:5      | Found an ornate altar of the Wu Jian Council.
  4910 | D:5      | Reached XP level 8. HP: 49/49 MP: 8/8
  5213 | D:5      | Reached skill level 5 in Armour
  5272 | D:5      | Reached **** piety under Trog
  5424 | D:5      | Found a glowing golden altar of the Shining One.
  5686 | D:6      | Reached skill level 7 in Axes
  6422 | D:7      | Reached XP level 9. HP: 45/55 MP: 9/9
  6487 | D:7      | Paralysed by fainting for 7 turns
  6520 | D:7      | Paralysed by fainting for 7 turns
  6619 | D:7      | Found Zijukkih's Distillery.
  6959 | D:7      | Reached ***** piety under Trog
  6980 | D:7      | Reached skill level 8 in Axes
  6995 | D:7      | Slain by an orc warrior

Skill      XL: |  1  2  3  4  5  6  7  8  9 |
---------------+----------------------------+-----
Axes           | 3 4 5 6 7 8 |  8.0
Dodging        | 2 3 |  3.0
Fighting       | 4 5 6 |  6.6
Armour         | 4 6 |  6.9
Stealth        | 1 2 |  2.3

Action                   |  1- 3 |  4- 6 |  7- 9 || total
-------------------------+-------+-------+-------++-------
Melee: Hand axe          |   135 |   306 |   418 ||   859
Invok: Berserk           |       |     5 |     3 ||     8
       Brothers in Arms  |       |       |     1 ||     1
  Eat: Chunk             |     2 |     6 |    11 ||    19
       Ration            |       |     1 |     4 ||     5
Armor: Animal skin       |    35 |       |       ||    35
       Plate armour      |    27 |   249 |   313 ||   589
Dodge: Dodged            |    95 |    95 |   144 ||   334
